Map: [ESL] Ancient Cistern

Players

Classic - Winner!

  • Race: Protoss Protoss
  • Spawn Location: 7:00

SKillous

  • Race: Protoss Protoss
  • Spawn Location: 1:00

Event: ESL SC2 Masters 2023 Summer (Finals)

VOD

Have the link to the VOD?

Description

Time

  • Played on: June 17, 2023, 11:49 a.m.
  • Length: 10:14

All games in this series

Show
View Real Time Build Order
Export as new Build Order

Classic Protoss - Winner!

Build Orders:  

Get SALT Encoding   

  12  0:00  Probe  
  13  0:12  Probe  
  14  0:17  Pylon  
  14  0:24  Probe  
  15  0:35  Gateway  
  15  0:36  Probe (Chrono Boost)  
  16  0:46  Probe (Chrono Boost), Assimilator  
  17  0:51  Probe (Chrono Boost)  
  18  0:58  Assimilator  
  18  1:03  Probe (Chrono Boost)  
  19  1:09  Gateway  
  20  1:12  Probe (Chrono Boost)  
  20  1:17  Probe (Chrono Boost)  
  20  1:24  Cybernetics Core  
  21  1:29  Probe  
  22  1:35  Pylon  
  22  1:42  Probe  
  23  1:54  Probe  
  24  2:01  Stalker x2  
  24  2:02  Warp Gate  
  28  2:11  Pylon  
  28  2:24  Robotics Facility  
  28  2:32  Adept  
  28  2:33  Adept  
  32  3:05  Stalker x2  
  34  3:09  Warp Prism (Chrono Boost)  
  36  3:15  Pylon  
  36  3:22  Shield Battery  
  36  3:35  Immortal (Chrono Boost)  
  39  3:42  Pylon  
  39  3:50  Sentry x2  
  43  3:56  Gateway  
  43  4:10  Immortal (Chrono Boost)  
  43  4:32  Stalker  
  45  4:40  Gateway  
  45  4:46  Immortal  
  49  5:10  Adept x2, Pylon  
  53  5:26  Observer  
  54  5:38  Stalker x3  
  60  5:50  Pylon  
  60  6:01  Stalker x2  
  58  6:15  Probe  
  59  6:30  Twilight Council  
  59  6:39  Stalker x2  
  63  6:41  Stalker  
  59  6:56  Immortal (Chrono Boost)  
  63  7:08  Pylon  
  63  7:30  Stalker x3  
  63  7:35  Blink (Chrono Boost)  
  61  7:39  Warp Prism  
  63  7:49  Stalker  
  63  7:50  Stalker  
  63  7:57  Stalker  
  61  8:26  Stalker x3  
  67  8:36  Pylon  
  67  9:03  Nexus  
  67  9:18  Sentry x2  
  67  9:19  Sentry  
  72  9:28  Pylon  
  68  9:31  Probe  
  67  9:58  Stalker x2  
Show
View Real Time Build Order
Export as new Build Order

SKillous Protoss 

Build Orders:  

Get SALT Encoding   

  12  0:00  Probe  
  13  0:12  Probe  
  14  0:17  Pylon  
  14  0:24  Probe (Chrono Boost)  
  15  0:35  Gateway  
  15  0:36  Probe (Chrono Boost)  
  16  0:45  Probe (Chrono Boost)  
  16  0:46  Assimilator  
  17  0:50  Probe  
  17  0:54  Assimilator  
  18  1:03  Probe (Chrono Boost)  
  19  1:07  Gateway  
  19  1:13  Probe (Chrono Boost)  
  20  1:19  Probe (Chrono Boost)  
  20  1:23  Cybernetics Core  
  21  1:30  Probe  
  22  1:36  Pylon  
  22  1:42  Probe  
  23  2:00  Robotics Facility  
  23  2:01  Stalker  
  25  2:02  Warp Gate  
  25  2:12  Stalker  
  27  2:16  Pylon  
  27  2:31  Stalker  
  29  2:42  Stalker  
  30  2:47  Immortal (Chrono Boost)  
  32  3:13  Sentry  
  32  3:15  Warp Prism (Chrono Boost)  
  36  3:23  Pylon  
  36  3:25  Stalker  
  38  3:30  Shield Battery  
  38  3:40  Pylon  
  38  3:53  Immortal  
  42  4:03  Stalker  
  42  4:04  Sentry  
  46  4:26  Stalker  
  46  4:28  Probe  
  49  4:35  Immortal (Chrono Boost)  
  51  4:47  Stalker  
  52  4:53  Probe  
  52  4:58  Pylon  
  50  5:15  Immortal  
  54  5:23  Stalker  
  54  5:25  Probe  
  54  5:35  Pylon  
  54  5:38  Probe  
  55  5:50  Probe  
  55  5:55  Stargate  
  56  6:02  Probe  
  57  6:14  Probe  
  57  6:16  Pylon  
  58  6:19  Sentry  
  60  6:26  Probe  
  61  6:38  Probe  
  66  6:45  Phoenix (Chrono Boost)  
  64  6:49  Pylon  
  64  6:51  Sentry  
  64  6:53  Stalker  
  69  6:57  Pylon  
  69  7:10  Phoenix (Chrono Boost)  
  70  7:22  Zealot x2  
  72  7:24  Probe  
  63  7:33  Phoenix (Chrono Boost)  
  63  7:36  Pylon  
  65  7:48  Zealot x2  
  69  7:52  Warp Prism (Chrono Boost)  
  69  7:54  Phoenix  
  73  8:24  Nexus  
  73  8:25  Observer  
  76  8:43  Pylon  
  76  8:44  Probe  
  75  9:04  Shield Battery  
  75  9:06  Twilight Council  
  75  9:23  Shield Battery  
  75  9:26  Sentry  
  75  9:27  Sentry  
  79  9:33  Probe  
  78  9:50  Stalker x2  
Tags
 
Add a new tag
Caveats
  • Supply blocks, unpowered buildings, or Contaminate may cause inaccurate times.
  • Supply counts are checked every 10 seconds.